 Dungeon Crawl Stone Soup version 0.20-a0-984-ge8aa303 (webtiles) character file.

27262 magipi the Carver (level 13, -4/104 HPs)
             Began as a Bultungin Berserker on Apr 10, 2017.
             Was a High Priest of Trog.
             Killed from afar by a gargoyle (25 damage)
             ... with a stone arrow
             ... in a volcano.
             The game lasted 01:16:12 (18189 turns).

magipi the Carver (Bultungin Berserker)            Turns: 18189, Time: 01:16:13

Health: -4/104     AC: 17    Str: 25    XL:     13   Next: 31%
Magic:  20/20      EV: 12    Int: 11    God:    Trog [*****.]
Gold:   574        SH:  0    Dex: 14    Spells: 12/12 levels left

rFire    + . .     SeeInvis +   a - +2 great sword (holy)
rCold    + . .     Gourm    .   (shield currently unavailable)
rNeg     + . .     Faith    +   R - +0 plate armour {rF+}
rPois    .         Spirit   .   E - +1 helmet {Int+3}
rElec    .         Reflect  .   T - +0 cloak
rCorr    .         Harm     .   O - +1 pair of gloves
MR       .....                  K - +0 pair of boots (curse)
Stlth    ..........             M - amulet of Xom's Amusement {Faith rN+ Str+5}
Regen    0.3/turn               c - ring of protection from cold
MPRegen  0.2/turn               p - ring of stealth

@: exhausted, slowed, very slow
A: short attention span, fangs 1, see invisible, deformed body, strong nose
a: Berserk, Trog's Hand, Brothers in Arms, Burn Spellbooks, Renounce Religion


You were in a volcano.
You worshipped Trog.
Trog was extremely pleased with you.
You were not hungry.

You visited 3 branches of the dungeon, and saw 15 of its levels.
You also visited: Ossuary and Volcano.

You collected 1761 gold pieces.
You spent 1187 gold pieces at shops.

Notes
Turn   | Place    | Note
-------+----------+-------------------------------------------
     0 | D:1      | magipi the Bultungin Berserker began the quest for the Orb.
     0 | D:1      | Reached XP level 1. HP: 20/20 MP: 1/1
   129 | D:1      | Reached XP level 2. HP: 26/26 MP: 2/2
   471 | D:1      | Reached skill level 5 in Long Blades
   513 | D:2      | Reached XP level 3. HP: 24/32 MP: 3/3
   656 | D:2      | Reached skill level 5 in Fighting
   694 | D:2      | Noticed Jessica
   697 | D:2      | Killed Jessica
   697 | D:2      | Reached XP level 4. HP: 39/39 MP: 4/4
   701 | D:2      | Noticed Terence
   725 | D:2      | Killed Terence
   846 | D:2      | Noticed Sigmund
   873 | D:2      | Killed Sigmund
   873 | D:2      | Reached XP level 5. HP: 32/46 MP: 5/5
   873 | D:2      | Reached XP level 6. HP: 37/52 MP: 6/6
  1249 | D:3      | Reached ** piety under Trog
  1306 | D:3      | You fall through a shaft!
  1387 | D:4      | Found a staircase to the Ecumenical Temple.
  1498 | D:4      | Found a hide-covered altar of Uskayaw.
  1742 | D:4      | Reached skill level 5 in Armour
  2199 | D:3      | Reached skill level 1 in Evocations
  2374 | D:3      | Reached skill level 5 in Dodging
  2374 | D:3      | Reached XP level 7. HP: 37/59 MP: 7/7
  2718 | D:3      | Reached *** piety under Trog
  3490 | D:5      | Entered Level 5 of the Dungeon
  3541 | D:5      | Found a blossoming altar of Fedhas.
  3845 | D:5      | Reached XP level 8. HP: 44/67 MP: 10/10
  4553 | D:6      | Found Xexaibe's Weapon Shop.
  4562 | D:6      | Bought a +0 long sword of protection for 93 gold pieces
  4836 | D:6      | Found Asapnira's Armour Emporium.
  5564 | D:7      | Found a sand-covered staircase.
  5569 | Ossuary  | Entered an ossuary
  5780 | Ossuary  | Reached skill level 5 in Evocations
  5909 | D:7      | Noticed a hippogriff
  5919 | D:7      | Reached **** piety under Trog
  5921 | D:7      | Killed a hippogriff
  5921 | D:7      | Reached XP level 9. HP: 73/74 MP: 11/13
  6750 | D:8      | Noticed a white ugly thing
  7365 | D:8      | Killed a white ugly thing
  7365 | D:8      | Reached XP level 10. HP: 83/83 MP: 15/15
  8248 | D:6      | Bought a +1 helmet of intelligence for 231 gold pieces
  8356 | D:9      | Noticed Pikel
  8386 | D:9      | Killed Pikel
  8438 | D:9      | Noticed a two-headed ogre
  8449 | D:9      | Reached ***** piety under Trog
  8457 | D:9      | Killed a two-headed ogre
  8659 | D:9      | Noticed Psyche
  8667 | D:9      | Killed Psyche
  8698 | D:9      | Reached skill level 1 in Throwing
  8743 | D:9      | Reached skill level 1 in Shields
  9141 | D:9      | Reached skill level 5 in Shields
  9141 | D:9      | Reached XP level 11. HP: 89/89 MP: 17/17
  9179 | D:9      | Reached skill level 5 in Throwing
  9404 | D:9      | Found a glowing golden altar of the Shining One.
  9408 | D:9      | Found a deep blue altar of Sif Muna.
  9408 | D:9      | Found an iron altar of Okawaru.
  9408 | D:9      | Found a sparkling altar of Nemelex Xobeh.
  9409 | D:9      | Found a sacrificial altar of Ru.
  9516 | D:10     | Entered Level 10 of the Dungeon
  9562 | D:10     | Noticed an unseen horror
  9569 | D:10     | Killed an unseen horror
 10134 | D:10     | Noticed a two-headed ogre
 10158 | D:10     | Killed a two-headed ogre
 10642 | D:10     | Noticed a two-headed ogre
 10662 | D:10     | Killed a two-headed ogre
 10697 | D:10     | Noticed a two-headed ogre
 10736 | D:10     | Noticed Nergalle
 10745 | D:10     | Killed Nergalle
 10769 | D:10     | Killed a two-headed ogre
 10897 | D:10     | Noticed Maurice
 10931 | D:10     | Killed Maurice
 11259 | D:11     | Found a staircase to the Orcish Mines.
 11478 | D:11     | Received a gift from Trog
 12131 | D:11     | Noticed Josephine
 12152 | D:11     | Killed Josephine
 12237 | D:11     | Received a gift from Trog
 12916 | D:11     | Found a staircase to the Orcish Mines.
 12919 | D:11     | Reached XP level 12. HP: 96/96 MP: 18/18
 13365 | D:11     | Reached skill level 10 in Long Blades
 13922 | Orc:1    | Entered Level 1 of the Orcish Mines
 14358 | Orc:2    | Entered Level 2 of the Orcish Mines
 15047 | Orc:2    | Found Begop's Quality Used Wands.
 15636 | Orc:2    | Noticed an orc high priest
 15661 | Orc:2    | Killed an orc high priest
 15715 | Orc:2    | Reached skill level 10 in Fighting
 15736 | Orc:2    | Received a gift from Trog
 15903 | Orc:2    | Noticed an orc high priest
 15911 | Orc:2    | Killed an orc high priest
 16525 | Orc:2    | Noticed an orc high priest
 16532 | Orc:2    | Noticed an orc warlord
 16552 | Orc:2    | Killed an orc warlord
 16552 | Orc:2    | Reached skill level 10 in Dodging
 16555 | Orc:2    | Killed an orc high priest
 16580 | Orc:2    | Reached skill level 10 in Armour
 16580 | Orc:2    | Reached XP level 13. HP: 65/103 MP: 19/19
 16834 | Orc:2    | Gained mutation: Armour fits poorly on your strangely shaped body. [a neqoxec]
 17044 | Orc:2    | Found Pulieqo's General Store.
 17045 | Orc:2    | Found Waongu's Jewellery Shoppe.
 17046 | Orc:2    | Found Kiyruew's Antique Armour Emporium.
 17046 | Orc:2    | Found Wusutaz's Antique Weapon Emporium.
 17063 | Orc:2    | Bought the amulet of Xom's Amusement {Faith rN+ Str+5} for 863 gold pieces
 17206 | Orc:2    | Found a staircase to the Elven Halls.
 17268 | Orc:2    | Received a gift from Trog
 17625 | Orc:1    | Found Botan's General Store.
 17927 | D:11     | Found a staircase to the Lair.
 17950 | Lair:1   | Entered Level 1 of the Lair of Beasts
 17966 | Lair:1   | Found a dark tunnel.
 17977 | Volcano  | Entered a volcano
 18189 | Volcano  | Killed from afar by a gargoyle

Inventory:

Hand Weapons
 a - a +2 great sword of holy wrath (weapon)
 b - a +0 scimitar
 l - a +1 great sword of flaming
Armour
 u - a +0 scale mail of poison resistance
 E - a +1 helmet of intelligence (worn)
 G - a +0 buckler
 K - a cursed +0 pair of boots (worn)
 O - a +1 pair of gloves (worn)
 R - a +0 plate armour of fire resistance (worn)
 T - a +0 cloak (worn)
Jewellery
 c - a ring of protection from cold (left hand)
 p - a ring of stealth (right hand)
 I - an uncursed ring of flight
 M - the amulet of Xom's Amusement (around neck) {Faith rN+ Str+5}
   (You bought it in a shop on level 2 of the Orcish Mines)

   [amulet of faith]

   It allows you to gain divine favour quickly.
   It affects your strength (+5).
   It protects you from negative energy.
Wands
 k - a wand of acid (0/15)
 o - a wand of polymorph (11/24)
 w - a wand of iceblast (1/15)
 x - a wand of flame (11/48)
 F - a wand of confusion (20/48)
 N - a wand of iceblast (5/15)
 P - a wand of digging (8/24)
 Q - a wand of disintegration (12/24)
 S - a wand of lightning (6/15)
Scrolls
 h - 2 scrolls of teleportation
 j - 3 scrolls of enchant weapon
 m - 4 scrolls of recharging
 q - a scroll of immolation
 s - 2 scrolls of fog
 H - 2 scrolls of magic mapping
 J - 3 scrolls of remove curse
 U - 2 scrolls of holy word
Potions
 d - 5 potions of agility
 f - 4 potions of flight
 i - 3 potions of might
 n - 7 potions of degeneration
 r - 3 potions of lignification
 t - 4 potions of curing
 v - a potion of resistance {unknown}
 z - 5 potions of brilliance {unknown}
 A - 3 potions of cancellation
 B - a potion of invisibility {unknown}
 C - a potion of haste {unknown}
 L - a potion of ambrosia {unknown}
Books
 D - a book of Conjurations

   Spells                             Type                      Level
   a - Magic Dart                     Conjuration                  1
   b - Searing Ray                    Conjuration                  2
   c - Dazzling Spray                 Conjuration/Hexes            3
   d - Fulminant Prism                Conjuration/Hexes            4
   e - Force Lance                    Conjuration/Translocation    4
   f - Iskenderun's Mystic Blast      Conjuration                  4
   Trog disapproves of the use of such an item.
Comestibles
 e - 10 bread rations
 g - 5 meat rations


   Skills:
 + Level 10.3 Fighting
 + Level 10.4 Long Blades
 + Level 9.4 Throwing
 + Level 10.1 Armour
 + Level 10.1 Dodging
 - Level 8.2 Shields
 + Level 9.5 Evocations


You had 12 spell levels left.
You didn't know any spells.

Dungeon Overview and Level Annotations

Branches:
Dungeon (12/15)            Temple (0/1) D:4            Lair (1/6) D:11
    Orc (2/2) D:11            Elf (0/3) Orc:2

Altars:
Fedhas
Nemelex Xobeh
Okawaru
Ru
Sif Muna
Uskayaw
The Shining One

Shops:
D:6 [(   Orc:1 *   Orc:2 =(*[}


Innate Abilities, Weirdness & Mutations

You have a short attention span.
You have very sharp teeth.
You have supernaturally acute eyesight. (SInv)
Your uncanny sense of smell can sniff out nearby items.
Armour fits poorly on your strangely shaped body.

Vault maps used:
D:1:      minmay_arrival_plants_in_alcoves, minmay_misc_feat_tower
D:2:      uniq_sigmund, uniq_jessica, uniq_terence
D:3:      minmay_lizard_king
D:4:      eat_drink_and_be_merry_uskayaw, minmay_temple_entry_fiery,
          kennysheep_dice
D:5:      old_standard_altar, first_bread, minivault_25
D:6:      serial_shops, shop, kennysheep_little_box, kennysheep_flooded_box,
          lemuel_old_faithful
D:7:      black_bear_nest_2, enter_ossuary_2, the_bakery,
          kennysheep_generic_room_10
D:9:      minitemple, uniq_pikel, uniq_psyche
D:10:     uniq_nergalle, uniq_maurice
D:11:     grunt_lair_entry_orc_guard_hut, orc_0_dummy,
          minmay_misc_feat_more_columns, minmay_nine_imps, uniq_josephine
D:12:     gargoyle_guard, trog_ov_bears_minmay
Lair:1:   nicolae_volcano_entry_lava_flow, lemuel_fruit_fields
Orc:1:    serial_shops, shop_statue
Orc:2:    st_orc_congregation, nicolae_for_you_no_charge
Ossuary:  ossuary_crypta
Volcano:  volcano_tomb


Message History

There is an open door here.
Your plate armour prevents you from hitting the spriggan skeleton.
The spriggan skeleton is almost destroyed.
The spriggan skeleton hits you but does no damage.
Your plate armour prevents you from hitting the spriggan skeleton.
The spriggan skeleton is almost destroyed.
The spriggan skeleton hits you.
You slice the spriggan skeleton!!
You destroy the spriggan skeleton!
Trog accepts your kill.
You hit the troll skeleton.
The troll skeleton convulses.
The troll skeleton is moderately damaged.
The troll skeleton bites you but does no damage.
The troll skeleton claws you! The troll skeleton closely misses you.
You slice the troll skeleton!!
The troll skeleton convulses!!
You destroy the troll skeleton!
Trog accepts your kill.
The gargoyle hurls a stone arrow at you.
The stone arrow misses you.
There is an open door here.
The gargoyle hurls a stone arrow at you.
The stone arrow hits you!
All of the chunks of flesh in your inventory have rotted away.
A red film seems to cover your vision as you go berserk!
You feel yourself moving faster!
You feel mighty!
You feel quite a bit more hungry.
The gargoyle hurls a stone arrow at you.
The stone arrow hits you!
* * * LOW HITPOINT WARNING * * *
You slash the gargoyle!
The gargoyle is heavily damaged.
The gargoyle hurls a stone arrow at you.
The stone arrow hits you!
You slice the gargoyle!!
You destroy the gargoyle!
Trog accepts your kill.
You see here a mace.
You feel a strong urge to attack something.
The door flies open with a bang!
You are no longer berserk.
You are exhausted.
You feel yourself slow down.
Found a longbow of flaming and a royal jelly.
Something unseen opens the door.
Found a quick blade of flaming and a rapier of flaming.
There is an open door here.
The air gets thick with the scent of sulphur.
A gargoyle opens the door.
You see here a quick blade of flaming.
Unknown command.
You see here a rapier of flaming.
You close the door.
In the distance, the volcano erupts with a roar.
A gargoyle opens the door.
You fail to use your ability.
The gargoyle hurls a stone arrow at you.
The stone arrow misses you.
Unknown command.
Your ogre goes berserk!
You feel quite a bit more hungry.
You hear a distant blaring wail to the southeast.
The gargoyle hits you with a mace.
* * * LOW HITPOINT WARNING * * *
Unknown command.
Your plate armour prevents you from hitting the gargoyle.
You bite the gargoyle, but do no damage.
The gargoyle hits you but does no damage.
Your ogre hits the gargoyle with a giant spiked club!
Unknown command.
You slash the gargoyle!
The gargoyle is almost destroyed.
Your ogre hits the gargoyle with a giant spiked club!!
The gargoyle is destroyed!
Trog accepts your kill.
A skeletal warrior comes into view.
It is wielding a great sword of flaming.
Your ogre hits the skeletal warrior with a giant spiked club.
Your ogre hits the skeletal warrior with a giant spiked club!
You see here a royal jelly.
Unknown command.
You hit the skeletal warrior but do no damage.
The skeletal warrior is moderately damaged.
Your ogre hits the skeletal warrior with a giant spiked club!!
The skeletal warrior closely misses you.
Your ogre misses the skeletal warrior.
The skeletal warrior hits you but does no damage.
You slice the skeletal warrior!!
You destroy the skeletal warrior!
Trog accepts your kill.
Unknown command.
A gargoyle comes into view. It is wielding a mace.
The gargoyle hurls a stone arrow at you.
The stone arrow hits you!
* * * LOW HITPOINT WARNING * * *
Found a metallic brown potion.
Things that are here:
a great sword of flaming; a longbow of flaming
l - a great sword of flaming The gargoyle hurls a stone arrow at you.
The stone arrow hits you!
You die...

###################
#%@'...#...'$$$##..
#)O#.).'...#...##..
##)#.9.#...#...##..
..###'#######.##.#
#..# ..'∆∆∆ #.##.#
#+#######!∆∆##.##.#
#$..#####......
#$.............
+$..#####.#..#.


You could see a gargoyle and a friendly ogre (berserk).

Vanquished Creatures
  Josephine (D:11)
  3 two-headed ogres
  2 orc high priests (Orc:2)
  An unseen horror (D:10)
  A skeletal warrior (Volcano)
  An anaconda skeleton (Volcano)
  Pikel (D:9)
  An orc knight (Orc:2)
  A deep elf mage (Orc:2)
  An ugly thing (D:8)
  5 orc sorcerers
  A manticore (D:12)
  Maurice (D:10)
  2 gargoyles (Volcano)
  2 trolls
  4 slime creatures
  A hornet (D:9)
  4 hippogriffs
  A flying skull (Volcano)
  Sigmund (D:2)
  A spriggan (D:7)
  3 wraiths (D:11)
  2 alligator skeletons (Volcano)
  4 yaks
  A hungry ghost (D:9)
  3 wargs
  3 water moccasins
  3 ice beasts
  2 sky beasts
  A phantom (D:10)
  32 orc warriors
  A black bear (D:7)
  7 ogres
  5 centaurs
  10 bullfrogs
  A gnoll sergeant (D:9)
  A wyvern skeleton (D:8)
  7 scorpions
  6 killer bees
  A spriggan skeleton (Volcano)
  A troll skeleton (Volcano)
  A howler monkey (D:9)
  7 crimson imps
  2 centaur zombies
  A bullfrog skeleton (D:7)
  2 human zombies (Ossuary)
  3 jellies
  16 orc priests
  6 hounds
  37 orc wizards
  Jessica (D:2)
  A centaur skeleton (D:10)
  An iguana (D:10)
  Terence (D:2)
  14 worker ants
  A big kobold zombie (Ossuary)
  A hound skeleton (D:9)
  5 mummies (Ossuary)
  A worker ant zombie (D:8)
  3 gnolls (D:9)
  A howler monkey skeleton (D:6)
  12 adders
  8 shadow imps
  A white imp (D:11)
  3 oozes
  4 adder skeletons
  A worm (D:3)
  A dart slug (D:3)
  7 leopard geckos
  79 orcs
  2 ball pythons
  8 bats
  3 giant cockroaches
  7 goblins
  8 hobgoblins
  13 jackals
  3 kobolds
  5 quokkas
  15 frilled lizards
  2 hobgoblin zombies (Ossuary)
  A jackal skeleton (D:8)
  A jackal zombie (D:9)
  A kobold zombie (Ossuary)
  2 leopard gecko skeletons
  An orc zombie (Ossuary)
  A quokka zombie (D:9)
  5 rats
  A fungus (D:11)
430 creatures vanquished.

Vanquished Creatures (collateral kills)
  An orc warlord (Orc:2)
  A two-headed ogre (D:10)
  2 orc high priests (Orc:2)
  Nergalle (D:10)
  2 orc knights (Orc:2)
  Psyche (D:9)
  2 gargoyles (Volcano)
  An orc warrior (Orc:2)
  A bullfrog (D:11)
  A scorpion (D:11)
  3 spriggan skeletons (Volcano)
  2 orc priests (Orc:2)
  A naga skeleton (Volcano)
  A worker ant zombie (D:11)
  An orc (Orc:2)
21 creatures vanquished.

Vanquished Creatures (others)
  2 flying skulls (Volcano)
  A sky beast (D:5)
  A slave (D:9)
  A white imp (D:11)
  A plant (D:11)
6 creatures vanquished.

Grand Total: 457 creatures vanquished

Action                   |  1- 3 |  4- 6 |  7- 9 | 10-12 | 13-15 || total
-------------------------+-------+-------+-------+-------+-------++-------
Melee: Falchion          |    62 |   161 |   187 |       |       ||   410
       Bite              |     5 |    26 |    93 |   134 |    31 ||   289
       Long sword        |       |       |   350 |    57 |       ||   407
       Scimitar          |       |       |       |   515 |       ||   515
       Great sword       |       |       |       |   350 |   153 ||   503
Invok: Berserk           |       |     2 |    10 |     8 |     2 ||    22
       Brothers in Arms  |       |       |       |     5 |     2 ||     7
       Burn Spellbooks   |       |       |       |     1 |       ||     1
       Trog's Hand       |       |       |       |     3 |     1 ||     4
Evoke: Wand              |       |       |     4 |    23 |     3 ||    30
  Use: Scroll            |       |       |    22 |     7 |     1 ||    30
       Potion            |       |       |       |     2 |       ||     2
 Stab: Confused          |       |       |     1 |    10 |       ||    11
       Sleeping          |       |       |       |     2 |       ||     2
       Distracted        |       |       |       |     1 |       ||     1
  Eat: Chunk             |       |     4 |    17 |    21 |     6 ||    48
       Fruit             |       |     3 |     5 |     7 |       ||    15
       Royal jelly       |       |       |     2 |     1 |       ||     3
       Bread ration      |       |       |       |     3 |     1 ||     4
Armor: Animal skin       |     2 |       |       |       |       ||     2
       Ring mail         |    16 |       |       |   112 |       ||   128
       Chain mail        |       |    68 |   114 |       |       ||   182
       Plate armour      |       |       |   163 |   300 |    52 ||   515
Dodge: Dodged            |    40 |    60 |   243 |   435 |    85 ||   863
Block: Shield            |       |       |       |   126 |       ||   126
       Buckler           |       |       |       |    54 |       ||    54
       Rpst.: Falchion   |    14 |    19 |    26 |       |       ||    59
       Long sword        |       |       |    49 |     3 |       ||    52
       Scimitar          |       |       |       |    72 |       ||    72
       Great sword       |       |       |       |    42 |    16 ||    58

Action                   |  1- 3 |  4- 6 |  7- 9 | 10-12 | 13-15 || total
-------------------------+-------+-------+-------+-------+-------++-------
Melee: Falchion          |    62 |   161 |   187 |       |       ||   410
       Bite              |     5 |    26 |    93 |   134 |    31 ||   289
       Long sword        |       |       |   350 |    57 |       ||   407
       Scimitar          |       |       |       |   515 |       ||   515
       Great sword       |       |       |       |   350 |   153 ||   503
Invok: Berserk           |       |     2 |    10 |     8 |     2 ||    22
       Brothers in Arms  |       |       |       |     5 |     2 ||     7
       Burn Spellbooks   |       |       |       |     1 |       ||     1
       Trog's Hand       |       |       |       |     3 |     1 ||     4
Evoke: Wand              |       |       |     4 |    23 |     3 ||    30
  Use: Scroll            |       |       |    22 |     7 |     1 ||    30
       Potion            |       |       |       |     2 |       ||     2
 Stab: Confused          |       |       |     1 |    10 |       ||    11
       Sleeping          |       |       |       |     2 |       ||     2
       Distracted        |       |       |       |     1 |       ||     1
  Eat: Chunk             |       |     4 |    17 |    21 |     6 ||    48
       Fruit             |       |     3 |     5 |     7 |       ||    15
       Royal jelly       |       |       |     2 |     1 |       ||     3
       Bread ration      |       |       |       |     3 |     1 ||     4
Armor: Animal skin       |     2 |       |       |       |       ||     2
       Ring mail         |    16 |       |       |   112 |       ||   128
       Chain mail        |       |    68 |   114 |       |       ||   182
       Plate armour      |       |       |   163 |   300 |    52 ||   515
Dodge: Dodged            |    40 |    60 |   243 |   435 |    85 ||   863
Block: Shield            |       |       |       |   126 |       ||   126
       Buckler           |       |       |       |    54 |       ||    54
       Rpst.: Falchion   |    14 |    19 |    26 |       |       ||    59
       Long sword        |       |       |    49 |     3 |       ||    52
       Scimitar          |       |       |       |    72 |       ||    72
       Great sword       |       |       |       |    42 |    16 ||    58
